 Dungeon Sprint DCSS version 0.28-a0-8-g6e044cfa68 (webtiles) character file.

Game seed: 5678814924624951588

4110 mhtbhm the Sniper (level 10, -3/64 HPs)
             Began as a Kobold Hunter on July 24, 2021.
             Was a High Priest of Qazlal.
             Slain by a fire crab (shapeshifter) (11 damage)
             ... in the Dungeon (Sprint V: "Ziggurat Sprint").
             The game lasted 00:04:20 (788 turns).

mhtbhm the Sniper (Kobold Hunter)                    Turns: 788, Time: 00:04:20

Health: -3/64      AC:  3    Str: 19    XL:     10   Next: 50%
Magic:  10/11      EV: 18    Int: 15    God:    Qazlal [*****.]
Gold:   0          SH:  7    Dex: 15    Spells: 9/9 levels left

rFire   + . .      SeeInvis +   a - +9 heavy crossbow "Sniper" {vorpal, Acc+∞ SInv}
rCold   . . .      Faith    .   (shield currently unavailable)
rNeg    . . .      Spirit   .   c - +0 leather armour
rPois   +          Reflect  .   (no helmet)
rElec   .          Harm     .   (no cloak)
rCorr   .          Rampage  .   (no gloves)
Will    .....      NoTele   +   (no boots)
Stlth   +.........              (no amulet)
HPRegen 0.20/turn               z - +6 ring of strength
MPRegen 0.12/turn               G - ring of Sifoh {Int+2 Slay+4}

@: protected from fire, repel missiles
A: small, no large weapons, nightstalker 3, poison resistance, subdued magic 1
a: Renounce Religion, Upheaval, Elemental Force, Disaster Area


You were in the Dungeon.
You worshipped Qazlal.
Qazlal was extremely pleased with you.
You visited 1 branch

Inventory:

Hand Weapons
 a - the +9 heavy crossbow "Sniper" (weapon) {vorpal, Acc+∞ SInv}
   (You found it in the Dungeon)

   Any ammunition fired from it inflicts extra damage upon your enemies.
   Any ammunition fired from it never misses its target.
   SInv:      It lets you see invisible.
 b - a +5 quick blade
Missiles
 d - 1057 bolts (quivered ammo)
 v - a throwing net
Armour
 c - a +0 leather armour (worn)
Jewellery
 z - a +6 ring of strength (left hand)
 G - the ring of Sifoh (right hand) {Int+2 Slay+4}
   (You found it in the Dungeon)

   [ring of slaying]

   Int:       It affects your intelligence (+2).
   Slay:      It affects your accuracy & damage with ranged weapons and melee
   (+4).
Wands
 B - a wand of mindburst (7)
 C - a wand of iceblast (7)
 D - a wand of acid (7)
Scrolls
 j - 3 scrolls of blinking
 p - 4 scrolls of amnesia
 q - 6 scrolls of fog
 r - a scroll of holy word
 s - 5 scrolls of identify
 t - 4 scrolls of enchant weapon
Potions
 e - 10 potions of curing
 f - 6 potions of heal wounds
 g - 10 potions of haste
 h - 7 potions of magic
 i - 3 potions of berserk rage
 k - 2 potions of brilliance
 l - a potion of invisibility
 m - 4 potions of resistance
 n - a potion of experience
 o - 5 potions of might
Miscellaneous
 u - a tin of tremorstones (2/2)
 w - a tin of tremorstones (2/2)
 E - a lightning rod (4/4)
 F - a box of beasts


   Skills:
 + Level 8.0 Fighting
 + Level 22.1 Crossbows
 + Level 4.1 Armour
 + Level 8.3 Dodging
 - Level 4.2 Stealth
 + Level 1.2 Shields
 * Level 2.2 Invocations


You had 9 spell levels left.
You didn't know any spells.
Your spell library contained the following spells:

 Spells                   Type           Power      Damage    Failure   Level
 Foxfire                  Conj/Fire      0%         2x1d4     26%         1
 Inner Flame              Hex/Fire       0%         N/A       63%         3
 Portal Projectile        Hex/Tloc       0%         N/A       63%         3
 Cause Fear               Hex            0%         N/A       96%         4
 Hailstorm                Conj/Ice       0%         3d3       96%         4
 Ice Form                 Ice/Tmut       0%         N/A       96%         4
 Freezing Cloud           Conj/Ice/Air   0%         6-21      100%        5
 Conjure Ball Lightning   Conj/Air       0%         3x3d6     100%        6
 Dispersal                Tloc           0%         N/A       100%        6
 Eringya's Noxious Bog    Tmut/Pois      0%         N/A       100%        6
 Simulacrum               Ice/Necr       0%         N/A       100%        6
 Discord                  Hex            0%         N/A       100%        8
 Disjunction              Tloc           0%         N/A       100%        8
 Polar Vortex             Ice            0%         N/A       100%        9


Dungeon Overview and Level Annotations

Branches:
Dungeon (1/1)

Altars:
Ashenzari
Cheibriados
Dithmenos
Elyvilon
Fedhas
Gozag
Hepliaklqana
Kikubaaqudgha
Makhleb
Nemelex Xobeh
Okawaru
Qazlal
Ru
Sif Muna
Trog
Uskayaw
Vehumet
Wu Jian
Xom
Yredelemnul
Zin
The Shining One
Beogh
Jiyva
Lugonu


Innate Abilities, Weirdness & Mutations

You are small and have problems with some larger weapons.
You are completely attuned to the shadows.
Your system is resistant to poisons. (rPois)
Your spells are a little easier to cast, but a little less powerful.


Message History

You kill the spriggan!
Qazlal accepts your kill.
A shining eye comes into view.
A fire crab comes into view.
Your Crossbows skill increases to level 22!
Unknown command.
Fire: 1060 bolts
Press: ? - help, Q - select action, (/) - cycle Shift-Dir - straight line, f - neqoxec
Aim: a neqoxec (100% to hit)
You shoot a bolt. The bolt hits the neqoxec!!
You kill the neqoxec!
Qazlal accepts your kill. The shining eye gazes at you.
Strange energies course through your body.
You feel resistant to poisons.
Your Fighting skill increases to level 8!
Your Invocations skill increases to level 2!
Unknown command.
Fire: 1059 bolts
Press: ? - help, Q - select action, (/) - cycle Shift-Dir - straight line, f - shining eye
Aim: a shining eye (100% to hit)
You shoot a bolt. The bolt hits the shining eye!
The shining eye is lightly wounded.
The neqoxec hits you. The neqoxec hits you!
Unknown command.
Fire: 1058 bolts
Press: ? - help, Q - select action, (/) - cycle Shift-Dir - straight line, f - fire crab, p - shining eye
Aim: a fire crab (sparse dust, 100% to hit)
You shoot a bolt. The bolt hits the fire crab.
The fire crab is lightly wounded.
The neqoxec gestures at you.
Strange energies course through your body.
Your connection to magic feels subdued.
The fire crab bites you.
You are engulfed in flames!
The fire crab claws you.
You are engulfed in flames!
* * * LOW HITPOINT WARNING * * *
The fire crab bites you!
* * * LOW HITPOINT WARNING * * *
You are engulfed in flames!
You feel protected from fire.
You die...

▓.(..(..▓
▓.......▓
.○((☼..
▓.▓G3t▓.▓
▓...@...▓
▓▓▓▓▓▓▓▓▓


You could see a shining eye, a fire crab and a neqoxec.

Vanquished Creatures
  A death scarab (D)
  A cyclops (D)
  2 yaktaurs (D)
  3 merfolk (D)
  2 wind drakes (D)
  2 jumping spiders (D)
  A flying skull (D)
  2 tarantellas (D)
  2 spriggans (shapeshifter) (D)
  A neqoxec (D)
  A naga (D)
  A hell hound (D)
  A scorpion (D)
  An iron imp (D)
  A mummy (D)
  A shadow imp (D)
  A bat skeleton (D)
  A ball python (D)
  A ball python zombie (D)
26 creatures vanquished.

Vanquished Creatures (others)
  A centaur (D)
1 creature vanquished.

Grand Total: 27 creatures vanquished

Notes
Turn   | Place    | Note
-------+----------+-------------------------------------------
     0 | D        | mhtbhm the Kobold Hunter began the quest for the Orb.
     0 | D        | Reached XP level 1. HP: 12/12 MP: 1/1
     0 | D        | Found a glowing golden altar of the Shining One.
     2 | D        | Found a radiant altar of Vehumet.
    10 | D        | Found a sacrificial altar of Ru.
    10 | D        | Found a stormy altar of Qazlal.
    10 | D        | Found a shimmering blue altar of Sif Muna.
    10 | D        | Found an iron altar of Okawaru.
    12 | D        | Found a bloodstained altar of Trog.
    13 | D        | Found a hide-covered altar of Uskayaw.
    17 | D        | Found a sparkling altar of Nemelex Xobeh.
    18 | D        | Found the +6 Majin-Bo {vamp, MP+6 Int+6}
    18 | D        | Found the +9 heavy crossbow "Sniper" {vorpal, Acc+∞ SInv}
    18 | D        | Found the +10 dark maul {vorpal}
    18 | D        | Found the +15 Maxwell's patent armour {-Cast -Tele rElec
                  | Will+ rCorr}
    18 | D        | Found the +18 shield of the Gong {rElec rN+ Will+ EV-5}
    18 | D        | Found the +14 obsidian axe {vorpal, Drain Fly SInv}
    18 | D        | Found the +7 great mace "Firestarter" {inner flame, rF++}
    18 | D        | Found the +6 shillelagh "Devastator" {shatter}
    18 | D        | Found the +11 plutonium sword {Contam Stlth-}
    18 | D        | Found the +8 lance "Wyrmbane" {slay drac, rPois rF+ rC+
                  | AC+3}
    18 | D        | Found the +9 sword of Zonguldrok {reap}
    18 | D        | Found the +13 scythe of Curses {drain, Drain}
    18 | D        | Found the +5 sword of Power {vorpal}
    18 | D        | Found the +7 mace of Variability {chain chaos}
    18 | D        | Found the +7 Singing Sword {vorpal, sonic wave}
    18 | D        | Found the +8 storm bow {elec, penet}
    27 | D        | Became a worshipper of Qazlal Stormbringer
    31 | D        | Found a corrupted altar of Lugonu.
    31 | D        | Found a burning altar of Makhleb.
    31 | D        | Found an ancient bone altar of Kikubaaqudgha.
    31 | D        | Found a transporter.
    41 | D        | Found a viscous altar of Jiyva.
    45 | D        | Found a hazy altar of Hepliaklqana.
    51 | D        | Found a snail-covered altar of Cheibriados.
    51 | D        | Found a shadowy altar of Dithmenos.
    51 | D        | Found a white marble altar of Elyvilon.
    52 | D        | Found a broken altar of Ashenzari.
    57 | D        | Found a blossoming altar of Fedhas.
    72 | D        | Found an opulent altar of Gozag.
    82 | D        | Entered arena 2.
    82 | D        | Noticed a naga
    84 | D        | Killed a naga
    85 | D        | Reached skill level 11 in Crossbows
    85 | D        | Reached skill level 1 in Armour
    85 | D        | Reached XP level 2. HP: 16/19 MP: 2/2
    85 | D        | Reached XP level 3. HP: 20/23 MP: 3/3
    85 | D        | Reached XP level 4. HP: 24/28 MP: 4/4
    85 | D        | Reached XP level 5. HP: 27/32 MP: 5/5
    87 | D        | Found a transporter.
   125 | D        | Entered arena 3.
   126 | D        | Noticed a yaktaur
   126 | D        | Noticed a centaur
   126 | D        | Noticed a yaktaur
   131 | D        | Killed a yaktaur
   131 | D        | Reached * piety under Qazlal
   132 | D        | Reached skill level 14 in Crossbows
   132 | D        | Reached skill level 5 in Dodging
   132 | D        | Reached XP level 6. HP: 18/39 MP: 6/6
   135 | D        | Killed a yaktaur
   136 | D        | Reached skill level 5 in Fighting
   136 | D        | Reached skill level 16 in Crossbows
   136 | D        | Reached XP level 7. HP: 39/44 MP: 7/7
   136 | D        | Found a transporter.
   162 | D        | Entered arena 4.
   163 | D        | Noticed a hell hound
   164 | D        | Reached ** piety under Qazlal
   165 | D        | Killed a hell hound
   166 | D        | Reached XP level 8. HP: 45/50 MP: 8/8
   169 | D        | Found a transporter.
   174 | D        | Got the ring of Sifoh {Int+2 Slay+4}
   203 | D        | Entered arena 5.
   203 | D        | Noticed a flying skull
   204 | D        | Noticed a death scarab
   205 | D        | Killed a flying skull
   206 | D        | Reached skill level 17 in Crossbows
   206 | D        | Found a transporter.
   208 | D        | Killed a death scarab
   208 | D        | Reached *** piety under Qazlal
   209 | D        | Reached skill level 19 in Crossbows
   209 | D        | Reached XP level 9. HP: 43/56 MP: 9/9
   220 | D        | Got the Papyrus of Cold and Heat
   373 | D        | Entered arena 6.
   373 | D        | Noticed a jumping spider
   373 | D        | Noticed a jumping spider
   378 | D        | Reached **** piety under Qazlal
   381 | D        | Killed a jumping spider
   383 | D        | Reached skill level 20 in Crossbows
   385 | D        | Killed a jumping spider
   417 | D        | Found a transporter.
   437 | D        | Got Further Steps in Magic
   441 | D        | Got the Papyrus of Warped Execration
   542 | D        | Entered arena 7.
   543 | D        | Noticed a wind drake
   543 | D        | Noticed a cyclops
   543 | D        | Noticed a merfolk
   544 | D        | Noticed a wind drake
   544 | D        | Noticed a merfolk
   549 | D        | Noticed a merfolk
   552 | D        | Killed a merfolk
   552 | D        | Reached ***** piety under Qazlal
   554 | D        | Killed a wind drake
   556 | D        | Killed a merfolk
   557 | D        | Reached skill level 21 in Crossbows
   557 | D        | Reached XP level 10. HP: 44/63 MP: 10/10
   563 | D        | Killed a cyclops
   564 | D        | Reached skill level 1 in Shields
   740 | D        | Found the +10 Black Knight's barding {ponderous, rPois rN+}
   756 | D        | Found a transporter.
   783 | D        | Entered arena 8.
   785 | D        | Reached skill level 1 in Invocations
   785 | D        | Noticed a shining eye
   785 | D        | Noticed a fire crab
   786 | D        | Reached skill level 22 in Crossbows
   786 | D        | Gained mutation: Your system is resistant to poisons.
                  | (rPois) [a shining eye]
   788 | D        | Gained mutation: Your spells are a little easier to cast,
                  | but a little less powerful. [a neqoxec]
   788 | D        | Slain by a fire crab (shapeshifter)

Illustrated notes

Levels and vault maps discovered:
D:        sprint_v [room_start, room_1, room_2, room_3, room_4, room_5, room_6,
          room_7, room_8, room_9, room_10, room_11, room_12, room_13, room_14,
          room_15, room_16, room_17, room_18, room_19, room_20, room_21,
          room_22, room_23, room_24, room_25, room_26, room_27]

Skill      XL: |  1  2  3  4  5  6  7  8  9 10 |
---------------+-------------------------------+-----
Fighting       | 3 4 5 6 7 8 |  8.0
Crossbows      | 11 14 16 19 21 22 | 22.1
Armour         | 1 2 3 4 |  4.1
Dodging        | 3 5 6 7 8 |  8.3
Stealth        | 2 4 |  4.2
Shields        | 1 |  1.2
Invocations    | 2 |  2.2

Action                   |  1- 3 |  4- 6 |  7- 9 | 10-12 || total
-------------------------+-------+-------+-------+-------++-------
 Fire: Heavy crossbow    |     2 |     6 |    28 |     9 ||    45
  Use: Potion            |       |     4 |     1 |       ||     5
       Scroll            |       |       |     4 |       ||     4
Armor: Leather armour    |       |       |     1 |       ||     1
Dodge: Dodged            |     5 |    10 |    13 |       ||    28
       Repelled          |       |       |     1 |       ||     1
Block: Other             |       |       |     4 |     1 ||     5

Table legend: (Time is in decaauts)
 A = Elapsed time spent in this place.
 B = Non-inter-level travel time spent in this place.
 C = Inter-level travel time spent in this place.
 D = Time resting spent in this place.
 E = Time spent auto-exploring this place.
 F = Levels seen in this place.
 G = Mean time per level.
                   A        B        C        D        E       F      G
               +--------+--------+--------+--------+--------+-----+--------+
         Total |    820 |    820 |      0 |    466 |      0 |   1 |  820.0 |
       Dungeon |    820 |    820 |      0 |    466 |      0 |   1 |  820.0 |
               +--------+--------+--------+--------+--------+-----+--------+

Top non-repeatable levels by time:
       D: 820 daAuts
